 Dungeon Crawl Stone Soup version 0.28-a0-1412-gf95308ed99 (webtiles) character file.

Game seed: 994903571709246389

5920 bande the Cleaver (level 10, -1/63 HPs)
             Began as a Gargoyle Fighter on Jan 7, 2022.
             Was a High Priest of Okawaru.
             Slain by a fire elemental (11 damage)
             ... summoned by a deep elf pyromancer
             ... on level 8 of the Dungeon.
             The game lasted 00:19:08 (13237 turns).

bande the Cleaver (Gargoyle Fighter)               Turns: 13237, Time: 00:19:09

Health: -1/63      AC: 26    Str: 20    XL:     10   Next: 83%
Magic:  8/15       EV:  6    Int:  9    God:    Okawaru [*****.]
Gold:   632        SH:  6    Dex: 19    Spells: 9/9 levels left

rFire   . . .      SeeInvis .   a - +1 war axe
rCold   . . .      Faith    .   c - +0 buckler
rNeg    + . .      Spirit   .   p - +0 plate armour
rPois   ∞          Reflect  .   (no helmet)
rElec   +          Harm     .   u - +0 cloak
rCorr   .          Rampage  .   q - +2 pair of gloves {infuse}
Will    .....                   i - +0 pair of boots
Stlth   ..........              (no amulet)
HPRegen 0.20/turn               n - +4 ring of slaying
MPRegen 0.14/turn               g - +6 ring of dexterity

@: no status effects
A: sickness immunity, AC +7, negative energy resistance 1, electricity
resistance, torment resistance 1, petrification resistance
a: Renounce Religion, Heroism, Finesse, Duel


You were on level 8 of the Dungeon.
You worshipped Okawaru.
Okawaru was extremely pleased with you.
You visited 2 branches of the dungeon, and saw 10 of its levels.
You also visited: Bailey.

You collected 632 gold pieces.

Inventory:

Hand Weapons
 a - a +1 war axe (weapon)
 b - a +0 war axe
 m - a +0 flail
Missiles
 h - 3 throwing nets (quivered)
Armour
 c - a +0 buckler (worn)
 i - a +0 pair of boots (worn)
 p - a +0 plate armour (worn)
 q - a +2 pair of gloves of infusion (worn)
 u - a +0 cloak (worn)
Jewellery
 d - a +6 ring of strength
 g - a +6 ring of dexterity (right hand)
 k - a +6 ring of strength
 n - a +4 ring of slaying (left hand)
Wands
 r - a wand of acid (23)
Scrolls
 e - 2 scrolls of enchant weapon
 f - 4 scrolls of teleportation
 o - a scroll of fear
Potions
 j - 2 potions of cancellation
 l - a potion of mutation
 s - a potion of flight
 t - a potion of curing {unknown}


   Skills:
 + Level 7.0 Fighting
 + Level 9.4 Axes
 + Level 7.9 Armour
 - Level 0.2 Dodging
 + Level 6.0 Shields
 * Level 6.6 Invocations
 * Level 3.6 Evocations


You had 9 spell levels left.
You didn't know any spells.
Your spell library contained the following spells:

 Spells                   Type           Power      Damage    Failure   Level
 Apportation              Tloc           0%         N/A       100%        1
 Ensorcelled Hibernation  Hex/Ice        0%         N/A       100%        2
 Passwall                 Tmut/Erth      0%         N/A       100%        2
 Ozocubu's Armour         Ice            0%         N/A       100%        3
 Spider Form              Tmut/Pois      0%         N/A       100%        3
 Swiftness                Air            0%         N/A       100%        3
 Alistair's Intoxication  Tmut/Pois      0%         N/A       100%        5
 Metabolic Englaciation   Hex/Ice        0%         N/A       100%        5
 Simulacrum               Ice/Necr       Unusable   N/A       N/A         6

Dungeon Overview and Level Annotations

Branches:
Dungeon (9/15)             Temple (1/1) D:4          Bailey (visited)
   Lair: D:8-11         Orc: D:9-12

Altars:
Cheibriados
Elyvilon
Fedhas
Gozag
Hepliaklqana
Kikubaaqudgha
Makhleb
Nemelex Xobeh
Okawaru
Qazlal
Ru
Sif Muna
Uskayaw
Vehumet
Wu Jian
Yredelemnul
The Shining One

Shops:
D:8 (

Annotations:
D:8 1 runed translucent door, oldriver's ghost, novice DgEE


Innate Abilities, Weirdness & Mutations

You are immune to sickness and miasma.
Your stone body is resilient. (AC +7)
You are immune to poison.
You resist negative energy. (rN+)
You are resistant to electric shocks. (rElec)
You are resistant to unholy torment.
You are immune to petrification.


Message History

You are covered in liquid flames!
The deep elf pyromancer casts a spell.
The deep elf pyromancer blinks!
You hit the deep elf pyromancer.
The deep elf pyromancer is heavily wounded.
The deep elf pyromancer hits you with a +0 long sword!
You hit the deep elf pyromancer but do no damage.
The deep elf pyromancer is heavily wounded.
The deep elf pyromancer hits you but does no damage.
You hit the deep elf pyromancer.
The deep elf pyromancer is severely wounded.
The deep elf pyromancer hits you but does no damage.
You barely miss the deep elf pyromancer.
The deep elf pyromancer is severely wounded.
The deep elf pyromancer hits you but does no damage.
You hit the deep elf pyromancer.
The deep elf pyromancer is severely wounded.
The deep elf pyromancer casts a spell.
Unknown command.
You closely miss the deep elf pyromancer.
The deep elf pyromancer is severely wounded.
You barely miss the fire elemental.
The deep elf pyromancer hits you but does no damage.
The fire elemental hits you. The fire elemental burns you!
You hit the deep elf pyromancer.
The deep elf pyromancer is almost dead.
You hit the fire elemental. You closely miss the fire elemental.
The fire elemental hits you. The fire elemental burns you!
The fire elemental hits you. The fire elemental burns you!
* * * LOW HITPOINT WARNING * * *
The deep elf pyromancer mumbles some strange words.
The deep elf pyromancer blinks!
The fire elemental hits you. The fire elemental burns you!
* * * LOW HITPOINT WARNING * * *
The fire elemental hits you. The fire elemental burns you!
* * * LOW HITPOINT WARNING * * *
The deep elf pyromancer casts a spell.
The deep elf pyromancer blinks!
You block the fire elemental's attack. The fire elemental hits you.
The fire elemental burns you!
You die...

#.........####.####.#
######...## #.# #.#
#..######.# #.#
#...)))...# #.#
##.###########>###
##'## #..§.e...#
##...## #.#....#.# #
##.....## #.#°####.# #
##.......###.#@E###.#
###.....[.[.##.#.E.##.#
..+.....[..['.......#.#
###......<..##.#...##.#
##.......###>##..##.#
##.....## #÷÷......#
##...## #####.####
##'## #.# ###.#######
#.#


You could see a deep elf pyromancer and 2 fire elementals.

Vanquished Creatures
  Harold (D:7)
  Maggie (D:8)
  Psyche (D:8)
  5 yaks (D:8)
  2 steam dragons (D:6)
  3 water moccasins
  Pargi (D:3)
  A sky beast (D:6)
  5 orc warriors
  2 ogres (D:6)
  2 black bears (D:5)
  3 centaurs
  A necrophage (D:5)
  2 phantoms
  4 bullfrogs
  A gnoll sergeant (D:6)
  2 scorpions
  A water moccasin skeleton (D:6)
  A wight (D:6)
  A howler monkey (D:4)
  4 bullfrog zombies
  A bullfrog skeleton (D:6)
  5 centaur zombies
  7 orc priests
  10 hounds
  A centaur skeleton (D:6)
  Crazy Yiuf (D:6)
  2 iguanas
  9 orc wizards
  A killer bee zombie (D:8)
  7 gnolls
  4 adders
  A shadow imp (D:6)
  A white imp (D:6)
  An adder skeleton (D:5)
  A worm (D:4)
  2 dart slugs
  28 orcs
  9 ball pythons
  7 endoplasms
  2 giant cockroaches
  9 goblins
  11 hobgoblins
  11 jackals
  3 quokkas
  6 bats
  2 frilled lizards
  5 kobolds
  4 rats
195 creatures vanquished.

Vanquished Creatures (others)
  5 fungi (D:6)
  3 plants (D:1)
  2 withered plants (D:8)
10 creatures vanquished.

Grand Total: 205 creatures vanquished

Notes
Turn   | Place    | Note
-------+----------+-------------------------------------------
     0 | D:1      | bande the Gargoyle Fighter began the quest for the Orb.
     0 | D:1      | Reached XP level 1. HP: 14/14 MP: 1/1
   139 | D:1      | Reached XP level 2. HP: 14/19 MP: 2/2
   925 | D:1      | Found a faded altar of an unknown god.
   963 | D:1      | Reached skill level 2 in Axes
  1271 | D:1      | Reached XP level 3. HP: 18/24 MP: 3/3
  2001 | D:2      | Reached XP level 4. HP: 22/29 MP: 4/4
  3043 | D:3      | Reached skill level 3 in Axes
  3139 | D:3      | Noticed Pargi
  3166 | D:3      | Killed Pargi
  3167 | D:3      | Reached XP level 5. HP: 2/33 MP: 5/5
  3739 | D:3      | Found a basalt altar of Yredelemnul.
  3753 | D:3      | Found a burning altar of Makhleb.
  4260 | D:4      | Reached XP level 6. HP: 30/38 MP: 6/6
  4408 | D:4      | Reached skill level 4 in Axes
  4505 | D:4      | Found a staircase to the Ecumenical Temple.
  4522 | Temple   | Entered the Ecumenical Temple
  4568 | Temple   | Became a worshipper of Warmaster Okawaru
  4872 | D:4      | Reached skill level 5 in Armour
  5242 | D:4      | Reached skill level 1 in Invocations
  5242 | D:4      | Reached XP level 7. HP: 21/44 MP: 4/7
  5547 | D:4      | Found a stormy altar of Qazlal.
  5655 | D:5      | Entered Level 5 of the Dungeon
  5734 | D:4      | Reached skill level 5 in Axes
  5805 | D:5      | Reached * piety under Okawaru
  5949 | D:5      | Reached XP level 8. HP: 48/48 MP: 2/9
  5980 | D:5      | Found a blossoming altar of Fedhas.
  6175 | D:5      | Reached skill level 5 in Fighting
  6175 | D:5      | Reached skill level 6 in Axes
  6407 | D:6      | Reached ** piety under Okawaru
  7273 | D:6      | Found a shimmering blue altar of Sif Muna.
  7471 | D:6      | Reached XP level 9. HP: 54/54 MP: 9/12
  7477 | D:6      | Reached skill level 7 in Axes
  7916 | D:6      | Reached *** piety under Okawaru
  8383 | D:6      | Reached skill level 5 in Shields
  8562 | D:6      | Found a runed translucent door.
  8563 | D:6      | Noticed Crazy Yiuf
  8572 | D:6      | Killed Crazy Yiuf
  8573 | D:6      | Reached skill level 1 in Evocations
  8774 | D:7      | Found a flagged portal.
  8787 | Bailey   | Entered a bailey
  9263 | Bailey   | Reached skill level 5 in Invocations
  9274 | Bailey   | Reached skill level 8 in Axes
  9493 | Bailey   | Noticed an orc knight
  9493 | Bailey   | Noticed an orc knight
  9508 | Bailey   | Noticed an orc knight
  9586 | D:7      | Found a hazy altar of Hepliaklqana.
  9656 | D:7      | Noticed Harold
  9669 | D:7      | Killed Harold
  9669 | D:7      | Reached **** piety under Okawaru
  9670 | D:7      | Reached XP level 10. HP: 47/61 MP: 2/14
  9840 | D:7      | Found an opulent altar of Gozag.
  9849 | D:7      | Found an ornate altar of the Wu Jian Council.
 11444 | D:8      | Noticed Psyche
 11448 | D:8      | Killed Psyche
 11474 | D:8      | Found a runed translucent door.
 11474 | D:8      | Noticed oldriver's ghost (novice DgEE)
 11516 | D:8      | Found Uxali's Antique Weapon Shoppe.
 11530 | D:8      | Noticed Maggie
 11540 | D:8      | Killed Maggie
 11541 | D:8      | Reached skill level 9 in Axes
 12819 | D:8      | Reached ***** piety under Okawaru
 13198 | D:9      | Noticed a deep elf pyromancer
 13198 | D:9      | Noticed a deep elf pyromancer
 13237 | D:8      | Slain by a fire elemental

Illustrated notes

Levels and vault maps discovered:
D:1:      lightli_arrival_maybe_door_vault, layout_loops_ring, serial_forest,
          infiniplex_forest_clump_curved, infiniplex_forest_lined_corner,
          infiniplex_forest_clump_diagonal, infiniplex_forest_straight_5,
          infiniplex_forest_clump_curved, chequers_ecumenical_altar_simple
D:2:      layout_rooms
D:3:      layout_basic, amethyst_overflow_temple_binary, uniq_pargi
D:4:      layout_loops_ring, nicolae_qazlal_eye_of_the_storm, temple_pool_b,
          grunt_decor_clamped
D:5:      layout_gridville, fedhas_altar_2, st_stairs_4
D:6:      layout_loops_cross, mainiacjoe_overflow_catwalk,
          minmay_increasing_density, uniq_crazy_yiuf_cottage
D:7:      layout_basic, mainiacjoe_overflow_large_starburst,
          mainiacjoe_overflow_cross_hatched, enter_bailey_3,
          minmay_fountain_box, uniq_harold
D:8:      layout_loops_corners, gammafunk_ghost_grave, serial_shops, shop,
          uniq_maggie, uniq_psyche
D:9:      minmay_the_grid_net [minmay_the_grid_holed_spiral,
          minmay_the_grid_square_x, minmay_the_grid_dragon_a,
          minmay_the_grid_small_cups, minmay_the_grid_pillar_ring,
          minmay_the_grid_prize_big_room], layout_gridville,
          nicolae_overflow_crystal_walls, erik_lair_orcish_takeover,
          kennysheep_small_square
Temple:   jpeg_temple_island

Skill      XL: |  1  2  3  4  5  6  7  8  9 10 |
---------------+-------------------------------+-----
Axes           | 2 3 4 5 6 8 9 |  9.4
Armour         | 4 5 6 7 |  7.9
Fighting       | 4 5 6 7 |  7.0
Invocations    | 1 2 4 5 6 |  6.6
Shields        | 4 5 6 |  6.0
Evocations     | 2 3 |  3.6
Dodging        | |  0.2

Action                   |  1- 3 |  4- 6 |  7- 9 | 10-12 || total
-------------------------+-------+-------+-------+-------++-------
Melee: War axe           |   106 |   168 |   233 |   128 ||   635
  Use: Potion            |       |     2 |     3 |       ||     5
       Scroll            |       |       |    14 |       ||    14
Armor: Scale mail        |    89 |   114 |       |       ||   203
       Plate armour      |       |    19 |   274 |   121 ||   414
Dodge: Dodged            |    85 |    85 |   120 |    28 ||   318
Block: Buckler           |    36 |    46 |    88 |    43 ||   213

Table legend: (Time is in decaauts)
 A = Elapsed time spent in this place.
 B = Non-inter-level travel time spent in this place.
 C = Inter-level travel time spent in this place.
 D = Time resting spent in this place.
 E = Time spent auto-exploring this place.
 F = Levels seen in this place.
 G = Mean time per level.
                   A        B        C        D        E       F      G
               +--------+--------+--------+--------+--------+-----+--------+
         Total |  13414 |  13275 |    139 |   5168 |   6036 |  11 | 1219.5 |
       Dungeon |  12577 |  12438 |    139 |   4654 |   5972 |   9 | 1397.4 |
        Temple |     82 |     82 |      0 |      0 |     34 |   1 |   82.0 |
        Bailey |    754 |    754 |      0 |    514 |     30 |   1 |  754.0 |
               +--------+--------+--------+--------+--------+-----+--------+

Top non-repeatable levels by time:
     D:8: 2787 daAuts
     D:6: 2186 daAuts
     D:1: 1974 daAuts
     D:4: 1600 daAuts
     D:3: 1256 daAuts
     D:2: 1086 daAuts
     D:7: 908 daAuts
  Bailey: 754 daAuts
     D:5: 622 daAuts
     D:9: 155 daAuts
  Temple: 82 daAuts
